 Dungeon Crawl Stone Soup version 0.22-a0-136-g83a10e5 (webtiles) character file.

1456 mhoghedin the Purveyor of Pain (level 8, -19/68 HPs)
             Began as a Ghoul Necromancer on Feb 3, 2018.
             Was an Initiate of Kikubaaqudgha.
             Demolished by a large abomination (21 damage)
             ... on level 1 of the Abyss.
             The game lasted 00:16:48 (5059 turns).

mhoghedin the Purveyor of Pain (Ghoul Necromancer)  Turns: 5059, Time: 00:16:49

Health: -19/68     AC:  4    Str: 10 (12) XL:     8   Next: 76%
Magic:  10/12      EV: 14    Int:  9 (12) God:    Kikubaaqudgha [......]
Gold:   198        SH:  0    Dex: 12 (15) Spells: 2/14 levels left

rFire    + . .     SeeInvis .   B - +12 spear of the Coin {pierce, rN+ MR++ Dex+6}
rCold    . . .     Gourm    .   (no shield)
rNeg     + + +     Faith    .   a - +0 robe
rPois    ∞         Spirit   .   y - +0 helmet
rElec    .         Reflect  .   (no cloak)
rCorr    .         Harm     .   (no gloves)
MR       ++...                  o - +0 pair of boots
Stlth    +.........             (no amulet)
HPRegen  0.00/turn              f - ring of fire {rF+, rC-}
MPRegen  0.13/turn              (no ring)

@: about to teleport, rotting, very slow
A: rotting body, claws 1, carnivore, cold resistance 1, negative energy
resistance 3, inhibited regeneration, torment resistance, unbreathing
a: Renounce Religion


You were on level 1 of the Abyss.
You worshipped Kikubaaqudgha.
Kikubaaqudgha was noncommittal.
You were not hungry.

You visited 2 branches of the dungeon, and saw 7 of its levels.
You visited the Abyss 1 time.

You collected 198 gold pieces.

Inventory:

Hand Weapons
 B - the +12 spear of the Coin (weapon) {pierce, rN+ MR++ Dex+6}
   (You found it on level 4 of the Dungeon)

   It inflicts extra damage upon your enemies.
   It affects your dexterity (+6).
   It protects you from negative energy.
   It affects your resistance to hostile enchantments.
Armour
 a - a +0 robe (worn)
 o - a +0 pair of boots (worn)
   (You found it on level 1 of the Dungeon)
 y - a +0 helmet (worn)
   (You found it on level 4 of the Dungeon)
Jewellery
 f - a ring of fire (left claw) {rF+, rC-}
   (You found it on level 3 of the Dungeon)
Wands
 r - a wand of flame (33)
   (You took it off a kobold on level 2 of the Dungeon)
 x - a wand of acid (2)
   (You found it on level 3 of the Dungeon)
Scrolls
 d - a scroll of amnesia
 e - 4 scrolls of remove curse
 h - a scroll of enchant weapon {unknown}
 i - 2 scrolls of teleportation
 k - a scroll of fear {unknown}
 n - a scroll of noise {unknown}
 u - 2 scrolls of holy word {unknown}
 v - 2 scrolls of magic mapping {!r}
 w - a scroll of fog
Potions
 g - a potion of flight {unknown}
 j - 4 potions of heal wounds
 l - 4 potions of curing
 m - a potion of resistance
 p - 2 potions of agility
 q - 2 potions of cancellation
 A - a potion of ambrosia {unknown}
Books
 b - a book of Necromancy
 C - a book of Battle
   (You found it on level 6 of the Dungeon)
Comestibles
 c - 9 rations


   Skills:
 - Level 5.0 Fighting
 + Level 4.1 Polearms
 - Level 4.4 Dodging
 + Level 2.1 Stealth
 - Level 3.5 Spellcasting
 - Level 6.8 Necromancy


You had 2 spell levels left.
You knew the following spells:

 Your Spells              Type           Power        Failure   Level  Hunger
a - Pain                  Necr           ##..         1%          1    #......
b - Animate Dead          Necr           N/A          17%         4    #####..
r - Regeneration          Chrm/Necr      #.........   22%         3    ###....
x - Vampiric Draining     Necr           ##........   4%          3    ###....
A - Animate Skeleton      Necr           N/A          1%          1    #......


Dungeon Overview and Level Annotations

Branches:
Dungeon (6/15)             Temple (1/1) D:5

Altars:
Dithmenos
Elyvilon
Fedhas
Gozag
Kikubaaqudgha
Makhleb
Nemelex Xobeh
Okawaru
Qazlal
Ru
Sif Muna
Trog
Uskayaw
Vehumet
Yredelemnul


Innate Abilities, Weirdness & Mutations

Your body is rotting away.
You thrive on raw meat.
You are immune to poison.
You have sharp fingernails.
You are carnivorous and can eat meat at any time.
Your flesh is cold resistant. (rC+)
You are immune to negative energy. (rN+++)
You do not regenerate when monsters are visible.
You are immune to unholy pain and torment.
You can survive without breathing.


Message History

Unknown command.
As you read the scroll labeled SIXKER EBACO, it crumbles to dust.
It is a scroll of amnesia.
Okay, then.
The ancient zyme completely misses you. The ancient zyme hits you!
You take 14 damage, and have 36/66 hp.
MASSIVE DAMAGE!!
Unknown command.
Unknown command.
Unknown command.
You miscast Regeneration.
You are very lightly contaminated with residual magic.
Strange energies run through your body.
You are feeling hungry.
The ancient zyme hits you. The ancient zyme misses you.
You take 5 damage, and have 31/66 hp.
You now have 9/12 mp.
A large abomination comes into view.
Your skin crawls.
The ancient zyme closely misses you.
The ancient zyme hits you but does no damage.
You now have 6/12 mp.
As you read the scroll labeled LYTU TOTRYI, it crumbles to dust.
You feel strangely unstable.
You feel the power of the Abyss delaying your translocation!
It was a scroll of teleportation.
The ancient zyme barely misses you. The ancient zyme hits you!
You take 11 damage, and have 20/66 hp.
Your skin is crawling a little less now.
Your skin stops crawling.
You feel much better.
You regained 15 hp, and now have 37/68 hp.
You catch the helpless small abomination completely off-guard!
You hit the small abomination.
The large abomination barely misses you.
The small abomination hits you!
You take 16 damage, and have 21/68 hp.
MASSIVE DAMAGE!!
You feel much better. The large abomination hits you.
The small abomination barely misses you.
You regained 15 hp, and now have 36/68 hp.
Unknown command.
It was a potion of degeneration.
There was something very wrong with that liquid.
You feel weakened.
You feel dopey.
You feel clumsy.
You are suddenly pulled into a different region of the Abyss!
You start resting.
Your magical contamination has completely faded away.
You miscast Regeneration.
You are very lightly contaminated with residual magic.
Your skin tingles.
You now have 6/12 mp.
You miscast Regeneration.
Multicoloured lights dance before your eyes!
You are feeling very hungry.
You now have 3/12 mp.
Unknown command.
You eat one of the 10 rations.
That ration really hit the spot!
You start resting.
A large abomination comes into view.
You regained 3 hp, and now have 41/68 hp.
You regained 2 mp, and now have 5/12 mp.
Unknown command.
You start resting.
Here: a large abomination The floor.
It was a potion of berserk rage.
You cannot raise a blood rage in your lifeless body.
The large abomination hits you.
You take 4 damage, and have 39/68 hp.
Your skin crawls.
You now have 4/12 mp.
A small abomination comes into view.
Your skin is crawling a little less now.
Your skin stops crawling.
Your magical contamination has completely faded away.
A green draconian comes into view. It is wielding a flail.
The green draconian roars!
The green draconian breathes poison at you. 2 hell hogs come into view.
The hell hog squeals angrily. x2
A hell hog comes into view.
The hell hog squeals angrily.
You hear an angry squeal.
A hell hog comes into view.
Unknown command.
Unknown command.
As you read the scroll of teleportation, it crumbles to dust.
You feel strangely unstable.
You feel the power of the Abyss delaying your translocation!
The hell hog bites you!
You take 11 damage, and have 30/68 hp.
The hell hog bites you!
* * * LOW HITPOINT WARNING * * *
The hell hog bites you!
* * * LOW HITPOINT WARNING * * *
The hell hog bites you.
* * * LOW HITPOINT WARNING * * *
The hell hog closely misses you. The large abomination hits you!!
You die...
Kikubaaqudgha rasps: "You have failed me!
Welcome... oblivion!"

≈≈♣≈≈≈≈≈#.≈.≈.≈≈...
#≈≈≈≈≈≈≈≈≈≈≈≈≈≈≈≈≈
#≈≈≈≈≈≈≈≈≈≈≈≈≈≈≈≈≈
#≈≈≈≈≈≈≈♣≈≈≈♣.≈≈≈≈
.≈≈≈.≈≈≈≈≈d≈≈♣≈≈≈≈
#..##≈≈#≈≈≈≈.≈≈≈≈≈
....≈≈♣≈≈≈≈≈.≈≈≈≈≈
.#.≈≈≈≈≈≈Xhh.≈.≈≈≈
...≈..#♣≈≈@≈h≈h≈.≈
.#..## #≈≈#≈.≈#≈#.
##. #≈...≈≈.... .
#....≈♣#.#≈
#...≈≈≈≈♣# .X#.≈≈≈≈
.#. .≈≈#.≈ #.#
≈≈≈≈≈≈


You could see a green draconian, 4 hell hogs, a thrashing horror and a large
abomination.

Vanquished Creatures
  The ghost of stickyfingers the Carver, a novice OpCK of Xom (D:6)
  A sky beast (D:5)
  An ogre (D:3)
  2 phantoms (D:5)
  A scorpion (D:4)
  A crimson imp (D:5)
  2 centaur zombies (D:5)
  A jelly (D:5)
  3 hounds
  3 bullfrog skeletons
  A centaur skeleton (D:5)
  An orc wizard (D:6)
  2 iguanas (D:5)
  3 worker ants
  A hound skeleton (D:5)
  8 adders
  A shadow imp (D:5)
  An ooze (D:1)
  An adder skeleton (D:4)
  A worm (D:3)
  4 dart slugs
  3 leopard geckos
  7 orcs
  3 giant cockroaches
  16 goblins
  9 hobgoblins
  3 jackals (D:5)
  11 kobolds
  A quokka (D:2)
  2 ball pythons
  4 bats
  4 frilled lizards
  A jackal skeleton (D:5)
  7 rats
111 creatures vanquished.

Notes
Turn   | Place    | Note
-------+----------+-------------------------------------------
     0 | D:1      | mhoghedin the Ghoul Necromancer began the quest for the Orb.
     0 | D:1      | Reached XP level 1. HP: 14/14 MP: 2/2
    60 | D:1      | Reached XP level 2. HP: 8/20 MP: 0/3
   503 | D:1      | Learned a level 1 spell: Animate Skeleton
   667 | D:1      | Reached skill level 2 in Spellcasting
   997 | D:1      | Reached XP level 3. HP: 26/26 MP: 3/5
  1109 | D:2      | Learned a level 3 spell: Vampiric Draining
  1469 | D:2      | Reached skill level 5 in Necromancy
  1617 | D:2      | Reached XP level 4. HP: 33/33 MP: 0/6
  1850 | D:2      | Found a blossoming altar of Fedhas.
  1896 | D:3      | Learned a level 3 spell: Regeneration
  2247 | D:3      | Noticed an ogre
  2283 | D:3      | Killed an ogre
  2283 | D:3      | Reached skill level 3 in Spellcasting
  2283 | D:3      | Reached XP level 5. HP: 24/38 MP: 0/9
  2639 | D:3      | Reached XP level 6. HP: 39/45 MP: 2/10
  2817 | D:4      | Learned a level 4 spell: Animate Dead
  2950 | D:4      | Reached skill level 6 in Necromancy
  3287 | D:4      | Got a dazzling spear
  3288 | D:4      | Identified the +12 spear of the Coin {pierce, rN+ MR++ Dex+6} (You found it on level 4 of the Dungeon)
  3697 | D:4      | Reached skill level 1 in Fighting
  3840 | D:5      | Entered Level 5 of the Dungeon
  3843 | D:5      | Reached skill level 1 in Polearms
  3843 | D:5      | Reached XP level 7. HP: 52/52 MP: 11/11
  3869 | D:5      | Found a staircase to the Ecumenical Temple.
  3878 | D:5      | Reached skill level 2 in Dodging
  3880 | D:5      | Reached skill level 2 in Fighting
  3885 | Temple   | Entered the Ecumenical Temple
  4000 | Temple   | Became a worshipper of Kikubaaqudgha
  4087 | D:5      | Reached skill level 2 in Polearms
  4184 | D:5      | Reached skill level 3 in Fighting
  4230 | D:5      | Reached skill level 3 in Dodging
  4261 | D:5      | Reached XP level 8. HP: 35/63 MP: 4/12
  4445 | D:5      | Reached skill level 3 in Polearms
  4673 | D:6      | Reached skill level 4 in Fighting
  4702 | D:6      | Noticed stickyfingers's ghost (novice OpCK)
  4714 | D:6      | Killed stickyfingers's ghost
  4714 | D:6      | Reached skill level 5 in Fighting
  4714 | D:6      | Reached skill level 4 in Polearms
  4714 | D:6      | Reached skill level 4 in Dodging
  4814 | D:6      | Cast into level 1 of the Abyss (orc wizard)
  4906 | Abyss:1  | Noticed a large abomination
  4943 | Abyss:1  | Noticed an ancient zyme
  4946 | Abyss:1  | Noticed a shadow
  4951 | Abyss:1  | Noticed a starcursed mass
  4953 | Abyss:1  | Noticed a soul eater
  4988 | Abyss:1  | mhoghedin: I am in trouble
  5019 | Abyss:1  | Noticed a small abomination
  5035 | Abyss:1  | Noticed a guardian serpent
  5047 | Abyss:1  | Noticed a green draconian
  5055 | Abyss:1  | Noticed a hell hog
  5055 | Abyss:1  | Noticed a hell hog
  5057 | Abyss:1  | Noticed a hell hog
  5058 | Abyss:1  | Noticed a hell hog
  5058 | Abyss:1  | ThereIsNoGod: really in troubles
  5059 | Abyss:1  | HP: 4/68 [hell hog (15)]
  5059 | Abyss:1  | Demolished by a large abomination

Vault maps used:
D:1:      kennysheep_arrival_forest, minmay_misc_feat_columns
D:2:      fedhas_altar_4
D:3:      minmay_ogre_servants
D:5:      minmay_temple_entry_nine_rooms, first_ration
D:6:      ashenzari_conservatory_becter, minmay_a_box_with_orc_wizards_in_it
Temple:   jpeg_temple_clearing

Skill      XL: |  1  2  3  4  5  6  7  8 |
---------------+-------------------------+-----
Spellcasting   | 2 3 |  3.5
Necromancy     | 5 6 |  6.8
Fighting       | 1 3 5 |  5.0
Polearms       | 1 2 4 |  4.1
Dodging        | 3 4 |  4.4
Stealth        | |  2.1

Action                   |  1- 3 |  4- 6 |  7- 9 || total
-------------------------+-------+-------+-------++-------
Melee: Unarmed           |     4 |       |       ||     4
       Club              |     7 |     3 |       ||    10
       Dagger            |       |   178 |       ||   178
       Spear             |       |     8 |    75 ||    83
 Cast: Pain              |    57 |    42 |     8 ||   107
       Vampiric Draining |       |    10 |     1 ||    11
       Regeneration      |       |       |     2 ||     2
       Animate Dead      |       |       |     1 ||     1
Evoke: Wand              |       |       |     1 ||     1
  Use: Scroll            |       |     6 |     5 ||    11
       Potion            |       |       |     4 ||     4
 Stab: Sleeping          |       |     5 |     2 ||     7
       Distracted        |       |       |     3 ||     3
  Eat: Chunk             |     8 |     5 |     4 ||    17
       Ration            |       |       |     1 ||     1
Armor: Robe              |     2 |    30 |    12 ||    44
Dodge: Dodged            |     9 |    90 |    44 ||   143

Table legend:
 A = Spawn XP
 B = Non-spawn XP
 C = Spawn XP percentage of total XP
 D = Spawn monster count
 E = Non-spawn monster count
 F = Spawn count percentage of total count
 G = Total turns spent on level
                    A         B        C        D         E        F      G
               +---------+---------+-------+---------+---------+-------+---------
         Total |       0 |    2080 |   0.0 |       0 |     111 |   0.0 |  5059
               +---------+---------+-------+---------+---------+-------+---------
           D:1 |       0 |      34 |   0.0 |       0 |      17 |   0.0 |  1104
           D:2 |       0 |      69 |   0.0 |       0 |      18 |   0.0 |   779
           D:3 |       0 |     227 |   0.0 |       0 |      34 |   0.0 |   870
           D:4 |       0 |     286 |   0.0 |       0 |      13 |   0.0 |  1087
           D:5 |       0 |     885 |   0.0 |       0 |      22 |   0.0 |   655
           D:6 |       0 |     579 |   0.0 |       0 |       7 |   0.0 |   186
               +---------+---------+-------+---------+---------+-------+---------

Vault maps used:
D:1:      kennysheep_arrival_forest, minmay_misc_feat_columns
D:2:      fedhas_altar_4
D:3:      minmay_ogre_servants
D:5:      minmay_temple_entry_nine_rooms, first_ration
D:6:      ashenzari_conservatory_becter, minmay_a_box_with_orc_wizards_in_it
Temple:   jpeg_temple_clearing

Table legend:
 A = Turns spent in this place as a percentage of turns spent in the entire game.
 B = Non-inter-level travel turns spent in this place as a percentage of non-inter-level travel turns spent in the entire game.
 C = Inter-level travel turns spent in this place as a percentage of turns spent in this place.
 D = Turns resting spent in this place as a percentage of non-inter-level travel turns spent in this place.
 E = Turns spent auto-exploring this place as a percentage of non-inter-level travel turns spent in this place.
 F = Non-inter-level travel turns spent in this place divided by the number of levels of this place that you've seen.
                   A       B       C       D       E      F
               +-------+-------+-------+-------+-------+----------------------
         Total | 100.0 | 100.0 |   3.7 |  24.2 |  52.0 | 608.8
       Dungeon |  92.5 |  92.6 |   3.7 |  25.6 |  54.7 | 751.3
        Temple |   2.6 |   2.4 |  12.0 |   0.0 |  55.6 | 117.0
         Abyss |   4.8 |   5.0 |   0.0 |   9.4 |   0.0 | 245.0
               +-------+-------+-------+-------+-------+----------------------

Table legend:
 A = Kills in this place as a percentage of kills in entire the game.
 B = Kills by you in this place as a percentage of kills by you in the entire game.
 C = Kills by friends in this place as a percentage of kills by friends in the entire game.
 D = Other kills in this place as a percentage of other kills in the entire game.
 E = Experience gained in this place as a percentage of experience gained in the entire game.
 F = Experience gained in this place divided by the number of levels of this place that you have seen.
                   A       B       C       D       E      F
               +-------+-------+-------+-------+-------+----------------------
         Total | 100.0 | 100.0 |   N/A |   N/A | 100.0 | 260.0
       Dungeon | 100.0 | 100.0 |   N/A |   N/A | 100.0 | 346.7
               +-------+-------+-------+-------+-------+----------------------
